 Seeded DCSS version 0.30.1 (webtiles) character file.

Game seed: 6351066067085065685 (custom seed)

4 Esekla the Grave Robber (level 1, -1/7 (10) HPs)
             Began as a Deep Elf Necromancer on July 6, 2023.
             Slain by an endoplasm (3 damage)
             ... on level 1 of the Dungeon.
             The game lasted 00:01:36 (169 turns).

Esekla the Grave Robber (Deep Elf Necromancer)       Turns: 169, Time: 00:01:37

HP:   -1/7 (10)     AC:  2    Str:  5    XL:     1   Next: 58%
MP:   6/6           EV: 12    Int: 19    God:
Gold: 0             SH:  0    Dex: 15    Spells: 5/6 levels left

rFire   . . .        f - +1 dagger (drain)
rCold   . . .        (no shield)
rNeg    . . .        a - +0 robe
rPois   .            (no helmet)
rElec   .            (no cloak)
rCorr   .            (no gloves)
SInv    .            (no boots)
Will    .....        (no amulet)
Stlth   ++           (no ring)
HPRegen 0.21/turn    (no ring)
MPRegen 0.10/turn

%: no passive effects
@: very heavily drained
A: no striking features
a: no special abilities


You were on level 1 of the Dungeon.
You visited 1 branch of the dungeon, and saw 1 of its levels.

Inventory:

Hand Weapons
 f - a +1 dagger of draining (weapon)
Armour
 a - a +0 robe (worn)
Scrolls
 c - a scroll of identify {unknown}
 e - a scroll of fear {unknown}
Potions
 b - a potion of magic
 d - a potion of ambrosia {unknown}


   Skills:
 * Level 2.6 Dodging
 + Level 2.5 Stealth
 * Level 3.0 Spellcasting
 + Level 5.0 Necromancy


You had 5 spell levels left.
You knew the following spells:

 Your Spells              Type           Power      Damage    Failure   Level
a - Necrotise             Necr           84%        1d8       1%          1

Your spell library contained the following spells:

 Spells                   Type           Power      Damage    Failure   Level
 Vampiric Draining        Necr           21%        2d7       6%          3
 Animate Dead             Necr           21%        N/A       19%         4
 Agony                    Necr           21%        N/A       47%         5


Dungeon Overview and Level Annotations

Branches:
Dungeon (1/15)

Altars:


Message History

You feel drained.
You hit the goblin but do no damage.
The goblin hits you with a +1 dagger of draining.
You feel drained.
You barely miss the goblin. The goblin barely misses you.
You hit the goblin.
The goblin is heavily wounded.
The goblin hits you but does no damage.
You feel drained.
You hit the goblin.
You kill the goblin!
Things that are here:
a +1 dagger of draining; a goblin corpse
f - a +1 dagger of draining You are now empty-handed.
You drop a +0 short sword.
You sense an unholy aura.
f - a +1 dagger of draining (weapon)
You open the door.
There is an open door here.
You enter the shallow water.
Moving in this stuff is going to be slow.
You open the door.
An endoplasm comes into view.
A frilled lizard comes into view.
There is an open door here.
The endoplasm quivers.
You see here a scroll labelled OPUZOUSOET.
c - a scroll labelled OPUZOUSOET
Found a puce potion.
You hit the endoplasm but do no damage. You drain the endoplasm.
The endoplasm is moderately wounded.
The endoplasm freezes you.
You are frozen.
You completely miss the endoplasm.
The endoplasm is moderately wounded.
The endoplasm hits you.
* * * LOW HITPOINT WARNING * * *
You hit the endoplasm but do no damage.
The endoplasm is moderately wounded.
The endoplasm hits you.
You die...

#≈≈~≈≈#####..####
#≈~≈~≈#.........#
#~≈~≈~#.........#
#≈~≈~≈#.........#
####'###.####.####
#........# #.####
#......### #....#
#.....##..########..#
......#....J@......##
........#.##########
#.###...... ..
#.#....l ...#......
#.. #....##. ##
.....# !....


You could see an endoplasm (very drained).

Vanquished Creatures
  A ball python (D:1)
  A goblin (D:1)
  2 kobolds (D:1)
4 creatures vanquished.

Notes
Turn   | Place    | Note
-------+----------+-------------------------------------------
     0 | D:1      | Esekla the Deep Elf Necromancer began the quest for the
                  | Orb.
     0 | D:1      | Reached XP level 1. HP: 10/10 MP: 6/6
    76 | D:1      | Reached skill level 5 in Necromancy
   169 | D:1      | Slain by an endoplasm

Illustrated notes

Levels and vault maps discovered:
D:1:      sevenhm_arrival_forest_fort_small_3, layout_rooms,
          chequers_serial_rivers_room_b, minmay_misc_feat_five

Skill      XL: |  1 |
---------------+----+-----
Necromancy     | 5 |  5.0
Dodging        | |  2.6
Stealth        | |  2.5
Spellcasting   | |  3.0

Action                     || total
---------------------------++-------
  Melee: Short sword       ||    11
         Unarmed           ||     9
         Dagger            ||     3
 Armour: Robe              ||     3
  Dodge: Dodged            ||    10
